Cogmind - Beta 14 @@@ ROGUE MODE // 2024.08.29 @ 13:23:37 Player: upsidedowneye Result: Destroyed by S-10 Pest with Light Assault Rifle Performance ------------- Evolutions (1) 500 Regions Visited (2) 400 Robots Destroyed (14) 70 Value Destroyed (274) 274 Prototype IDs (0) 0 Alien Tech Used (0) 0 Bonus (0) 0 TOTAL SCORE: 1244 Bonus ------- None Cogmind --------- Core Integrity 0/400 Matter 271/300 Energy 65/100 System Corruption 0% Temperature Cool (0) Movement Core (100) Ox1 Location -9/Materials Parts ------- > --- POWER (1) -------- (None) > --- PROPULSION (3) --- (None) > --- UTILITY (3) ------ Signal Interpreter Hacking Suite > --- WEAPON (2) ------- Beam Rifle Heavy Assault Rifle > --- INVENTORY (5) ---- Hover Unit Peak State ------------ > --- POWER ------------ Light Ion Engine > --- PROPULSION ------- Hover Unit Hover Unit Flight Unit > --- UTILITY ---------- Signal Interpreter Tractor Beam > --- WEAPON ----------- Small Laser Small Laser > --- INVENTORY -------- Light Ion Engine Hacking Suite EM Pulse Gun Grenade Launcher [Rating: 8] Favorites ----------- Power Light Ion Engine Engine Light Ion Engine Propulsion Flight Unit Hover Unit Hover Unit Flight Unit Flight Unit Utility Signal Interpreter Device Tractor Beam Storage Medium Storage Unit Processor Signal Interpreter Hackware Hacking Suite Weapon Small Laser Energy Gun Small Laser Ballistic Gun Heavy Assault Rifle Launcher Grenade Launcher Build | -11 -10 -9 ------- Run | Yrd Mat Mat Slots Evolved 2 | . . 2 Power . | . . . Propulsion 1 | . . 1 Utility 1 | . . 1 Weapon . | . . . Parts Attached 21 | . 10 11 Power 3 | . 1 2 Engine 3 | . 1 2 Core . | . . . Reactor . | . . . Propulsion 6 | . 4 2 Treads . | . . . Leg . | . . . Wheel . | . . . Hover 3 | . 1 2 Flight 3 | . 3 . Utility 4 | . 3 1 Device 1 | . 1 . Storage 1 | . 1 . Processor 1 | . 1 . Hackware 1 | . . 1 Protection . | . . . Artifact . | . . . Weapon 8 | . 2 6 Energy Gun 6 | . 2 4 Energy Cannon . | . . . Ballistic Gun 1 | . . 1 Ballistic Cannon . | . . . Launcher 1 | . . 1 Special Weapon . | . . . Impact Weapon . | . . . Slashing Weapon . | . . . Piercing Weapon . | . . . Special Melee Weapon . | . . . Unidentified Prototypes . | . . . Parts Lost 14 | . 2 12 Power 3 | . . 3 Propulsion 6 | . 2 4 Utility 1 | . . 1 Weapon 4 | . . 4 Highest Loss Streak 12 | . 2 12 To Critical Strikes 1 | . . 1 Average Slot Usage (%) 61 | . 60 63 Engine 8 | . 9 8 Hover 6 | . 3 11 Flight 9 | . 11 6 Device 5 | . 3 8 Storage 3 | . 5 . Processor 6 | . 3 11 Hackware 1 | . . 2 Energy Gun 19 | . 22 13 Peak Build Rating 8 | . 7 8 Average Rating 4 | . 4 6 On Entrance 2 | . . 7 Naked Turns 38 | . 38 . Heaviest Build 15 | . 15 6 Greatest Support 12 | 3 8 12 Greatest Overweight (x) 4 | . 4 1 Average Overweight (x) . | . . . Largest Inventory Capacity 10 | 5 10 5 Average Capacity 6 | 5 6 5 Most Carried 7 | 5 7 5 Average Carried 4 | 3 4 3 Final Capacity 5 | 5 5 5 Final Carried 5 | 5 4 1 Class Distribution -------------------- 78% | Mutant 21% | Scavenger-Mutant Dominant Class ---------------- Mutant | -10/Materials Scavenger-Mutant | -9/Materials Resources | -11 -10 -9 ----------- Run | Yrd Mat Mat Matter Collected 378 | 200 100 78 Remotely 85 | . 40 45 Salvage Created 436 | . 162 274 Parts 36 | . 10 26 Haulers Intercepted . | . . . Recyclers Shooed 1 | . 1 . Parts Field Recycled . | . . . Retrieved Matter . | . . . Parts Self-Destructed . | . . . Prevented . | . . . Kills | -11 -10 -9 ------- Run | Yrd Mat Mat Combat Hostiles Destroyed 8 | . 4 4 Guns 8 | . 4 4 Classes Destroyed 6 | . 4 2 Recycler 2 | . 1 1 Operator 2 | . . 2 Watcher 2 | . 1 1 Swarmer 4 | . 3 1 Grunt 2 | . 1 1 Sentry 2 | . . 2 Best Kill Streak 5 | . 5 3 Combat Bots Only 3 | . 3 2 Max Kills in Single Turn 1 | . 1 1 Gunslinging . | . . . Exploded . | . . . Melee . | . . . Uniques/NPCs Destroyed . | . . . Combat | -11 -10 -9 -------- Run | Yrd Mat Mat Hostile Shots Fired 146 | . 33 113 Missed 40 | . 10 30 Damage Taken 1104 | . 231 873 Core 458 | . 55 403 Absorbed by Shields . | . . . Core Remaining (%) 89 | 100 78 . Volleys Fired 41 | . 18 23 Largest 2 | . 2 2 Hottest 80 | . 80 80 Shots Fired 78 | . 36 42 Gun 75 | . 36 39 Cannon . | . . . Launcher 3 | . . 3 Special . | . . . Kinetic 3 | . . 3 Thermal 68 | . 36 32 Explosive 3 | . . 3 Electromagnetic 4 | . . 4 Robot Hit Streak 15 | . 12 15 Robot Miss Streak 4 | . 4 2 Penetration Max . | . . . Secondary Targets 2 | . . 2 Max Gunslinging Chain 1 | . . 1 Shots Hit Robots 50 | . 21 29 Core Hits 28 | . 8 20 Critical Kills . | . . . Critical Parts Destroyed . | . . . Critical Strikes . | . . . Melee Attacks . | . . . Impact . | . . . Slashing . | . . . Piercing . | . . . Sneak Attacks . | . . . Combat Hostiles . | . . . Follow-up Attacks . | . . . Damage Inflicted 647 | . 239 408 Guns 579 | . 239 340 Cannons . | . . . Explosions 67 | . . 67 Melee . | . . . Ramming 1 | . . 1 Kinetic 41 | . . 41 Thermal 505 | . 239 266 Explosive 67 | . . 67 Electromagnetic 33 | . . 33 Impact . | . . . Slashing . | . . . Piercing . | . . . Highest Corruption . | . . . Average Corruption . | . . . Corruption Purged . | . . . Corruption Blocked . | . . . Overload Shots . | . . . Overflow Damage . | . . . Projectiles . | . . . Explosions . | . . . Melee . | . . . Knockbacks . | . . . Impact . | . . . Kinetic . | . . . Secondary . | . . . Self-Inflicted Damage . | . . . Shots . | . . . Rammed 3 | . . 3 Targets Rammed 3 | . . 3 Kicked . | . . . Crushed . | . . . Highest Temperature 138 | . 138 68 Average Temperature 37 | . 46 27 Received Heat Transfer 264 | . 87 177 Siege Activations . | . . . Robots Corrupted . | . . . Combat Hostiles . | . . . Parts Fried . | . . . Impact Corruptions . | . . . Robots Melted . | . . . Combat Hostiles . | . . . Parts Melted 1 | . 1 . Heat Transferred 1173 | . 550 623 Parts Sabotaged . | . . . Parts Stolen . | . . . Parts Stripped . | . . . Power Chain Reactions . | . . . Alert | -11 -10 -9 ------- Run | Yrd Mat Mat Peak Influence 167 | . 167 142 Initial 70 | . . 70 Average 99 | . 110 103 Maximum Alert Level . | . . . Low Security (%) 100 | 100 100 100 Level 1 . | . . . Level 2 . | . . . Level 3 . | . . . Level 4 . | . . . Level 5 . | . . . High Security . | . . . Max Security . | . . . Squads Dispatched 5 | . 2 3 Investigation 1 | . 1 . Extermination . | . . . Reinforcement 4 | . 1 3 Assault . | . . . Garrison . | . . . Intercept . | . . . Searches Triggered . | . . . Construction Impeded 1 | . . 1 Haulers Reinforced . | . . . Active Scanning Responses . | . . . Cargo Convoy Interrupts . | . . . Stealth | -11 -10 -9 --------- Run | Yrd Mat Mat Distress Signals 4 | . 1 3 Communications Jammed . | . . . Distress Signals . | . . . Times Spotted 24 | . 13 11 Peak Tracking Total 8 | . 6 8 Tactical Retreats . | . . . Traps | -11 -10 -9 ------- Run | Yrd Mat Mat Traps Triggered . | . . . Indirectly . | . . . Trap Hack Attempts . | . . . Triggered . | . . . Disarmed 9 | . 9 . Reprogrammed . | . . . Reused . | . . . Traps Extracted . | . . . Installed . | . . . Triggered . | . . . Machines | -11 -10 -9 ---------- Run | Yrd Mat Mat Machines Disabled . | . . . Max in Single Turn . | . . . Machines Repaired . | . . . Machines Dismantled . | . . . Machines Sabotaged . | . . . Overloaded Fab Kills . | . . . Hacking | -11 -10 -9 --------- Run | Yrd Mat Mat Machines Accessed 4 | . 2 2 Terminals 4 | . 2 2 Fabricators . | . . . Repair Stations . | . . . Recycling Units . | . . . Scanalyzers . | . . . Garrison Access . | . . . Total Hacks 14 | . 6 8 Successful 7 | . 3 4 Failed 7 | . 3 4 Catastrophic 3 | . 1 2 Database Lockouts . | . . . Manual . | . . . Terminals 14 | . 6 8 Fabricators . | . . . Repair Stations . | . . . Recycling Units . | . . . Scanalyzers . | . . . Garrison Access . | . . . Terminal Hacks 7 | . 3 4 Record 1 | . . 1 Branch Access Points 1 | . 1 . Scanalyzer Index 1 | . . 1 Disarm Traps 2 | . 2 . Dispatch Records 1 | . . 1 Recall Reinforcements 1 | . . 1 Fabricator Hacks . | . . . Repair Station Hacks . | . . . Recycling Unit Hacks . | . . . Scanalyzer . | . . . Garrison Access Hacks . | . . . Unauthorized Hacks . | . . . Terminals . | . . . Fabricators . | . . . Repair Stations . | . . . Recycling Units . | . . . Scanalyzers . | . . . Garrison Access . | . . . Data Cores Recovered . | . . . Used . | . . . Hacking Detections 4 | . 2 2 Full Trace Events 2 | . 2 . Feedback Events . | . . . Feedback Blocked . | . . . Robot Schematics Acquired . | . . . Robots Built . | . . . Authchips . | . . . Time . | . . . Total Robot Build Rating . | . . . Part Schematics Acquired . | . . . Parts Built . | . . . Authchips . | . . . Time . | . . . Total Part Build Rating . | . . . Parts Repaired . | . . . Time . | . . . Parts Recycled . | . . . Recycled Matter . | . . . Retrieved Matter . | . . . Retrieved Components . | . . . Parts Scanalyzed . | . . . Part Schematics Acquired . | . . . Parts Damaged . | . . . Bothacking | -11 -10 -9 ------------ Run | Yrd Mat Mat Used RIF Installer . | . . . Robots Hacked . | . . . Non-combat . | . . . Combat . | . . . Robot Hacks Applied . | . . . Relay Couplers Released . | . . . Fabnet Peak Effective % . | . . . Robots Rewired . | . . . Allies Hacked . | . . . Hacks Repelled . | . . . Allies | -11 -10 -9 -------- Run | Yrd Mat Mat Total Allies . | . . . Largest Group . | . . . Highest-Rated Group . | . . . Highest-Rated Ally . | . . . Total Orders . | . . . Ally Attacks . | . . . Total Damage . | . . . Kills . | . . . Allies Corrupted . | . . . Allies Melted . | . . . Intel | -11 -10 -9 ------- Run | Yrd Mat Mat Robot Analysis Total . | . . . Derelict Logs Recovered . | . . . Drone Launches . | . . . Drone Recoveries . | . . . Exploration | -11 -10 -9 ------------- Run | Yrd Mat Mat Turns Passed 439 | 37 253 149 Spaces Moved 423 | 61 238 124 Core 158 | 61 80 17 Treads . | . . . Legs . | . . . Wheels . | . . . Hover 151 | . 98 53 Flight 114 | . 60 54 Fastest Speed 37 | 50 37 40 Average Speed 62 | 50 71 50 Slowest Speed 280 | 50 280 120 Overloaded Moves . | . . . Propulsion Burnouts . | . . . Robots Hopped . | . . . Cave-ins Triggered . | . . . Exploration Rate (%) 19 | 3 40 16 Regions Visited 2 Branch Regions . Pre-discovered Areas . | . . . Known Exits Taken 1 | . 1 . Unknown Exits Taken 1 | 1 . . Scrap Searched . | . . . Spaces Dug 5 | . . 5 Terrain Destroyed 16 | . . 16 Melee . | . . . Projectile . | . . . AOE 16 | . . 16 Terrain Rammed . | . . . Walls Destroyed . | . . . Machines Disabled . | . . . Actions | -11 -10 -9 --------- Run | Yrd Mat Mat Total 523 | 67 285 171 Wait 8 | . 8 . Move 421 | 60 237 124 Hop . | . . . Pick Up 23 | 6 10 7 Fast Attach . | . . . Attach 20 | . 9 11 Detach 2 | . . 2 Swap 1 | . 1 . Drop 4 | 1 2 1 Fire 41 | . 18 23 Melee . | . . . Ram 3 | . . 3 Kick . | . . . Crush . | . . . Escape Stasis . | . . . Rewire . | . . . Trap . | . . . Miscellaneous . | . . . Route ------- -11/Scrapyard -10/Materials (discovered 3 exits: *Mat / Min x2) -9/Materials History --------- Turn | Location | Event 16 | -11/Scrapyard | Discovered new exit (range 16) 38 | -11/Scrapyard | Entered Materials 260 | -10/Materials | Identified exit to Mines 282 | -10/Materials | Discovered new exit (range 12) 290 | -10/Materials | Identified exit to Materials 291 | -10/Materials | Entered another Materials area 291 | -9/Materials | Evolved 2 slots: Propulsion x1, Utility x1 412 | -9/Materials | Core integrity fell below 50% 427 | -9/Materials | Core integrity fell below 20% 440 | -9/Materials | Destroyed by S-10 Pest with Light Assault Rifle Last Messages --------------- U-05 Engineer lays Concrete. The unstable cave ceiling collapses. U-05 Engineer lays Concrete. U-05 Engineer builds a Wall. Hover Unit destroyed. U-05 Engineer lays Concrete. Lgt. Ion Engine destroyed. U-05 Engineer lays Concrete. Acquired Beam Rifle. U-05 Engineer lays Concrete. U-05 Engineer builds a Wall. U-05 Engineer lays Concrete. U-05 Engineer builds a Wall. U-05 Engineer destroyed. U-05 Engineer builds a Wall. Acquired Hvy. Assault Rifle. S-10 Pest destroyed. Switching to secondary target: G-34 Mercenary. U-05 Engineer lays Concrete. G-34 Mercenary destroyed. Map ----- +----------------------------------------------------+ | ????????????????????????????# """"""" #??????????? | | ????????????????????????????# #??????????? | | ????????????????????????????# #??????????? | | ????????????????????????????####+######??????????? | | ???????????????????????????????# ########????????? | | ???????????????????????????????# # #????????? | | ????????????????????????###????# # #????????? | | ???????????????????????# ##### # "" #????????? | | ???????????????????????+ + T" #????????? | | ???????????????????????# ##### # "" #????????? | | ????????????????????????# #????# # #????????? | | ????????????????????????# #?####+########????????? | | ????????????????????????# ### #??????????? | | ????????????????????????# + #??????????? | | ????????????????????????# # #??????????? | | ????????????????????????# # """ """ #??????????? | | ????????????????????????# + """ """ #??????????? | | ????????????????????????# # """ """ #??????????? | | ????????????????????????#! # """ """ #??????????? | | ????????????????????????#! # #??????????? | | ???????????#######+######%=!##########???????????? | | ?????????? *!* ###??????????????????? | | ?????????? *=ss# ##?????????????????? | | ???????????? """ [*!=%# #?????????????????? | | ?????????????""" %=%u# ##?????????????????? | | ?????????????""" @*!# ##?????????????????? | | ?????????????""" [ u ###??????????????????? | | ?????????????""" % ##??????????????????? | | ???????????? === u ##??????????????????? | | ??????????? === ! ^a??????????????????? | | ???????????? g === ###?????????????????? | | ????????????#+##"""T"""# #???????????????????? | | ???????????????######### ##???????????????????? | | ???????????????????????# #????????????????????? | | ???????????????????????# #????????????????????? | | ???????????????????????# #????????????????????? | | ???????????????????????# #????????????????????? | | ???????????????????????# #????????????????????? | | ???????????????????????# #????????????????????? | | ??????????????????????? #????????????????????? | | ???????????????????????? ?????????????????????? | | ?????????????????????????????????????????????????? | | ?????????????????????????????????????????????????? | | ?????????????????????????????????????????????????? | | ?????????????????????????????????????????????????? | | ?????????????????????????????????????????????????? | | ?????????????????????????????????????????????????? | | ?????????????????????????????????????????????????? | | ?????????????????????????????????????????????????? | | ?????????????????????????????????????????????????? | +----------------------------------------------------+ Best States ------------- Heat Dissipation 28 Energy Generation 10 Energy Capacity 125 Matter Stores 300 Matter Capacity 300 Sight Range 16 Terrain Scan Density 10 Evasion (%) 62 Offensive Hacking 10 Item Schematics ----------------- None Robot Schematics ------------------ None Fabricated ------------ Nothing Alien Tech Used ----------------- None Achievements -------------- None Challenges ------------ None Game ------ Seed GravitonRagnarokProjector Manual? 0 Play Time 00:10:57 Cumulative 12.9 hours Start 2024.08.29 @ 13:14:31 End 2024.08.29 @ 13:23:37 Sessions 1 Manual Loads 0 Difficulty Rogue Special Mode None Game No. 21 Rogue 21 Adventurer 0 Explorer 0 Win Type - Total 0 Types 0/0/0/0/0/0/0/0/0 Lore% 3 Gallery% 16 Achievement% 15 Wizard Run 0 Options --------- Layout 1 ASCII 0 Keyboard 0 Movement Arrows Keybinds 0 Fullscreen 2 Font 32/SmallcapsGlow Map View 50x35 Zoom Use 0% Tactical HUD 0 Map Filters NONE Filters NONE Steam 1 RUN: a531d831-10bb-431d-9f1f-bbfe61a1a01b